 Dungeon Crawl Stone Soup version 0.28-a0-178-ga708605c5b (webtiles) character file.

Game seed: 10877592897810926697

84 Spaninq the Ruffian (level 4, -8/45 HPs)
             Began as a Troll Chaos Knight on Aug 17, 2021.
             Was an Initiate of Okawaru.
             Mangled by a red devil (16 damage)
             ... summoned by Xom
             ... on level 2 of the Dungeon.
             The game lasted 00:03:24 (838 turns).

Spaninq the Ruffian (Troll Chaos Knight)             Turns: 838, Time: 00:03:25

Health: -8/45      AC:  6    Str: 21    XL:     4   Next: 24%
Magic:  3/3        EV:  9    Int:  8    God:    Okawaru [......]
Gold:   70         SH:  0    Dex:  9    Spells: 3/3 levels left

rFire   . . .      SeeInvis .     - Unarmed
rCold   . . .      Faith    .   (no shield)
rNeg    . . .      Spirit   .   a - +2 robe
rPois   .          Reflect  .   (helmet restricted)
rElec   .          Harm     .   (no cloak)
rCorr   .          Rampage  .   (gloves unavailable)
Will    .....                   (boots unavailable)
Stlth   +.........              (no amulet)
HPRegen 1.15/turn               (no ring)
MPRegen 0.08/turn               (no ring)

@: lethally poisoned (-8 -> -12)
A: large, unfitting armour, claws 3, regeneration 1, shaggy fur 1, tough skin 1
a: Renounce Religion


You were on level 2 of the Dungeon.
You worshipped Okawaru.
Okawaru was noncommittal.
You visited 1 branch of the dungeon, and saw 3 of its levels.

You collected 70 gold pieces.

Inventory:

Armour
 a - a +2 robe (worn)
Potions
 b - a potion of attraction {unknown}
 d - 3 potions of curing
 e - a potion of lignification {unknown}
 f - a potion of brilliance {unknown}
 h - a potion of flight {unknown}


   Skills:
 + Level 3.0 Fighting
 - Level 1.9 Dodging
 * Level 4.4 Unarmed Combat
 + Level 0.5 Invocations


You had 3 spell levels left.
You didn't know any spells.
Your spell library contained the following spells:

 Spells                   Type           Power      Damage    Failure   Level
 Cause Fear               Hex            0%         N/A       99%         4
 Dragon Form              Tmut           0%         N/A       100%        7
 Dragon's Call            Summ           Unusable   N/A       N/A         9

Dungeon Overview and Level Annotations

Branches:
Dungeon (3/15)

Altars:
Okawaru


Innate Abilities, Weirdness & Mutations

You are too large for most types of armour.
You have claws for hands.
Your natural rate of healing is unusually fast.
You are covered in fur. (AC +1)
You have tough skin. (AC +1)


Message History

As you read the scroll labelled KANUIN XIWAUPLO, it crumbles to dust.
You assume a fearsome visage.
The iron imp is unaffected.
The quasit is unaffected.
The ufetubus is unaffected.
The white imp is unaffected.
The ufetubus is unaffected.
The crimson imp is unaffected.
The ufetubus is unaffected.
The white imp is unaffected.
The hellwing is unaffected.
The red devil is unaffected.
It was a scroll of fear.
As you read the scroll labelled UCLEMAUFES, it crumbles to dust.
It is a scroll of identify.
d - 3 potions of curing The ufetubus hits you but does no damage.
The ufetubus barely misses you. The ufetubus closely misses you. x2
The ufetubus hits you.
The ufetubus hits you but does no damage.
The white imp hits you but does no damage.
The red devil hits you from afar with a +1 demon trident of venom!
You are poisoned.
The hellwing hits you but does no damage.
The hellwing misses you.
The crimson imp picks up a beetle and eats it.
The crimson imp blinks!
Okay, then.
You scratch the ufetubus.
The ufetubus is heavily wounded.
You feel very sick. The ufetubus closely misses you. The ufetubus hits you.
The ufetubus barely misses you. The ufetubus hits you.
The ufetubus hits you but does no damage. x2
You barely miss the ufetubus.
The ufetubus is heavily wounded.
You feel very sick. The ufetubus barely misses you. The ufetubus hits you.
The ufetubus hits you but does no damage.
The ufetubus barely misses you. The ufetubus hits you.
The ufetubus barely misses you. The white imp gestures at you.
The puff of frost hits you!
* * * LOW HITPOINT WARNING * * *
The red devil hits you from afar with a +1 demon trident of venom!
You die...

##########
#...55@4.###
#.#.55554..#
#5####5#.# #.#
#.#'##### #.#
#.......# #.#
#.......######## #.#
#<......'.......
#.#####......########
#..........)........


You could see a hellwing (summoned), a red devil (summoned), an iron imp
(summoned), a quasit (summoned), a crimson imp (summoned), 2 white imps and 3
ufetubi.

Vanquished Creatures
  Robin (D:3)
  An adder skeleton (D:2)
  A dart slug (D:2)
  7 ball pythons
  5 endoplasms
  2 giant cockroaches
  6 hobgoblins
  9 jackals (D:1)
  2 quokkas
  3 bats
  A frilled lizard (D:1)
  15 goblins
  3 kobolds
  2 rats
58 creatures vanquished.

Vanquished Creatures (others)
  19 plants (D:2)
19 creatures vanquished.

Grand Total: 77 creatures vanquished

Notes
Turn   | Place    | Note
-------+----------+-------------------------------------------
     0 | D:1      | Spaninq the Troll Chaos Knight began the quest for the Orb.
     0 | D:1      | Reached XP level 1. HP: 22/22 MP: 0/0
    80 | D:1      | XOM: potion effect (invisibility)
    88 | D:1      | Reached XP level 2. HP: 29/29 MP: 1/1
   186 | D:1      | XOM: divination: magic mapping
   245 | D:1      | XOM: silly message
   283 | D:1      | Reached XP level 3. HP: 36/36 MP: 2/2
   296 | D:1      | Reached skill level 4 in Unarmed Combat
   458 | D:2      | Found an iron altar of Okawaru.
   467 | D:2      | Fell from the grace of Xom
   467 | D:2      | Became a worshipper of Warmaster Okawaru
   505 | D:2      | You fall into a shaft and drop 1 floor!
   532 | D:3      | Noticed Robin
   547 | D:3      | Killed Robin
   548 | D:3      | Reached XP level 4. HP: 45/45 MP: 3/3
   740 | D:2      | XOM: 3-stop teleportation journey
   777 | D:2      | Found a faded altar of an unknown god.
   834 | D:2      | XOM: summons 10 hostile demons
   835 | D:2      | Noticed a hellwing
   835 | D:2      | Noticed a red devil
   838 | D:2      | Mangled by a red devil

Illustrated notes

Levels and vault maps discovered:
D:1:      dpeg_arrival_solitude, layout_rooms, dk_noncrumbling_4
D:2:      layout_basic, serial_bayou, serial_bayou_pond_c,
          serial_bayou_lagoon_a, serial_bayou_crossing, serial_bayou_shore_b,
          basic_altar, ebering_ecumenical_altar_abandoned,
          kennysheep_generic_room_6
D:3:      layout_loops_cross, uniq_robin

Skill      XL: |  1  2  3 |
---------------+----------+-----
Unarmed Combat | 4 |  4.4
Fighting       | 3 |  3.0
Dodging        | |  1.9
Invocations    | |  0.5

Action                   |  1- 3 |  4- 6 || total
-------------------------+-------+-------++-------
Melee: Unarmed           |   105 |    34 ||   139
       Punch             |     2 |     1 ||     3
  Use: Scroll            |       |     2 ||     2
 Stab: Invisible         |     1 |       ||     1
Armor: Robe              |    45 |    17 ||    62
Dodge: Dodged            |    43 |    20 ||    63

Table legend: (Time is in decaauts)
 A = Elapsed time spent in this place.
 B = Non-inter-level travel time spent in this place.
 C = Inter-level travel time spent in this place.
 D = Time resting spent in this place.
 E = Time spent auto-exploring this place.
 F = Levels seen in this place.
 G = Mean time per level.
                   A        B        C        D        E       F      G
               +--------+--------+--------+--------+--------+-----+--------+
         Total |    828 |    810 |     18 |      0 |    485 |   3 |  276.0 |
       Dungeon |    828 |    810 |     18 |      0 |    485 |   3 |  276.0 |
               +--------+--------+--------+--------+--------+-----+--------+

Top non-repeatable levels by time:
     D:1: 430 daAuts
     D:2: 234 daAuts
     D:3: 163 daAuts
